Pick #1

Connor Bedard
Pick #2

Leo Carlsson
Pick #3

Adam Fantilli
Pick #4

Matvei Michkov
Pick #5

David Reinbacher
Pick #6

William Smith
Pick #7

Zachary Benson
Pick #8

Ryan Leonard
Pick #9

Gabriel Perreault
Pick #10

Axel Sandin-Pellika
Pick #11

Daniil But
Pick #12

Dalibor Dvorsky
Pick #13

Quentin Musty
Pick #14

Brayden Yager
Pick #15

Dmitry Simashev
Pick #16

Colby Barlow
Pick #17

Andrew Cristall
Pick #18

Easton Cowan
Pick #19

Jacob Fowler
Pick #20

Oliver Moore
Pick #21

Oliver Bonk
Pick #22

Tom Willander
Pick #23

Calum Ritchie
Pick #24

Tanner Molendyk
Pick #25

Gavin Brindley
Pick #26

Nate Danielson
Pick #27

Pick #28

Pick #29

Pick #30

Pick #31

Pick #32

Pick #33

Pick #34

Pick #35

Pick #36

Pick #37

Pick #38

Pick #39

Pick #40

Pick #41

Pick #42

Pick #43

Pick #44

Pick #45

Pick #46

Pick #47

Pick #48

Pick #49

Pick #50

Pick #51

Pick #52

Pick #53

Pick #54

Pick #55

Pick #56

Pick #57

Pick #58

Pick #59

Pick #60

Pick #61

Pick #62

Pick #63

Pick #64

Pick #65

Pick #66

Pick #67

Pick #68

Pick #69

Pick #70

Pick #71

Pick #72

Pick #73

Pick #74

Pick #75

Pick #76

Pick #77

Pick #78

Pick #79

Pick #80

Pick #81

Pick #82

Pick #83

Pick #84

Pick #85

Pick #86

Pick #87

Pick #88

Pick #89

Pick #90

Pick #91

Pick #92

Pick #93

Pick #94

Pick #95

Pick #96

Pick #97

Pick #98

Pick #99

Pick #100

Pick #101

Pick #102

Pick #103

Pick #104

Pick #105

Pick #106

Pick #107

Pick #108

Pick #109

Pick #110

Pick #111

Pick #112

Pick #113

Pick #114

Pick #115

Pick #116

Pick #117

Pick #118

Pick #119

Pick #120

Pick #121

Pick #122

Pick #123

Pick #124

Pick #125

Pick #126

Pick #127

Pick #128

Pick #129

Pick #130

Full Scoreboard »»

Canucks vs Senators

Created - February 20, 2024 at 06:26

Goals
1 2 3 T
Canucks 3 1 0 4
Senators 1 1 0 2
Shots
1 2 3 T
Canucks 9 8 4 21
Senators 7 9 8 24

GoalsPenalties
1st period
1. Canucks , Mitch Marner 26 (Samuel Girard 26, Ryan Nugent-Hopkins 22) at 0:26
2. Senators , Casey Cizikas 4 (Pius Suter 11, Jake Walman 11) at 4:59
3. Canucks , Ryan Nugent-Hopkins 19 (Jason Zucker 12, Mitch Marner 34) at 5:46
4. Canucks , Boone Jenner 12 (Ty Smith 9, Conor Garland 10) at 10:24
Noah Hanifin (OTT) for Hooking (Minor) at 7:42
Samuel Girard (VAN) for Hooking (Minor) at 14:05
2nd period
5. Canucks , Ryan Nugent-Hopkins 20 (Jason Zucker 13, Mitch Marner 35) at 1:09
6. Senators , Scott Laughton 15 (Jake Walman 12, Joel Eriksson Ek 20) at 11:31
Ty Smith (VAN) for Hooking (Minor) at 6:03
Anthony Cirelli (OTT) for Hooking (Minor) at 9:02
3rd period
No Goal
Scott Harrington (VAN) for Tripping (Minor) at 16:47
Casey Cizikas (OTT) for Interference (Minor) at 19:05
Goalie Stats
Cam Talbot (VAN), 22 saves from 24 shots - (0.917), W, 9-7-1, 60:00 minutes
Igor Shesterkin (OTT), 11 saves from 11 shots - (1.000), 38:51 minutes
Semyon Varlamov (OTT), 6 saves from 10 shots - (0.600), L, 17-9-2, 21:09 minutes
3 StarsOfficial
1 - Ryan Nugent-Hopkins (VAN)
2 - Mitch Marner (VAN)
3 - Boone Jenner (VAN)
Referees : Kelly Sutherland and Jim Curtin
Linesman : Luke Galvin and Ryan Gibbons
Game Note
Igor Shesterkin enters game at 1:09 of 2nd period
Finance
Level 1 -- Attendance: 6418 (98.74%) -- Ticket Income $770,160
Level 2 -- Attendance: 4511 (90.22%) -- Ticket Income $405,990
Level 3 -- Attendance: 2683 (76.66%) -- Ticket Income $201,225
Level 4 -- Attendance: 2218 (70.35%) -- Ticket Income $110,900
Luxury Box -- Attendance: 809 (80.90%) -- Ticket Income $194,160
Game was played at the Canadian Tire Centre.
Total Attendance: 16639 (86.87%)
Total Ticket Income: $1,682,435
Other Income: $420,609
Total Income: $2,103,044



Team Name Goals Shots Shots Attemp Shots Blocked PIM HIT PP PK FO%
Canucks 4214696200 / 3 (0%)045%
Senators 2245696180 / 3 (0%)055%

Canucks
Player Name POS G A P +/- PIM HIT SHT SB MP PP MP PP SHT PK MP PK SHT FO% FOT
Alex NewhookC000-101004:100:0000:0000% 1
Boone JennerC1011036021:482:1612:45050% 24
Boris KatchoukLW000-101004:130:0000:0300% 0
Bowen ByramD0001020023:042:3303:1900% 0
Cody GlassC000-1050023:002:3603:12040% 25
Conor GarlandRW0111010017:592:1600:0000% 1
J.J. MoserD0001020320:382:1903:1800% 0
Jason ZuckerLW0222012015:090:0000:000100% 1
Jordan SpenceD0001000020:250:0003:0600% 0
Kevin HayesC0001000015:430:0000:000100% 1
Markus NiemelainenD000000000:000:0000:0000% 0
Martin NecasC0000001016:522:3600:0000% 0
Mathew BarzalC0000014016:252:1600:0000% 0
Mitch MarnerC/LW/RW1232001020:122:3602:340100% 2
Ryan Nugent-HopkinsC2132005120:281:5613:20036% 14
Samuel GirardD0110211221:122:3301:4900% 0
Scott HarringtonD0000210217:420:2300:2200% 0
Ty SmithD0111211115:000:0000:0000% 0
Senators
Player Name POS G A P +/- PIM HIT SHT SB MP PP MP PP SHT PK MP PK SHT FO% FOT
Adam LowryC0000040114:010:0001:320100% 1
Andrew CoppC0000011117:472:4802:30048% 21
Anthony CirelliC000-1222014:100:1901:4100% 0
Brock McGinnLW0001001013:570:0001:3000% 0
Casey CizikasC1011233014:430:0002:17069% 16
Christian DvorakC000-1001012:160:0000:05082% 11
Connor CliftonD0000000317:070:0001:5100% 0
Erik JohnsonD000-1010017:410:0000:3700% 0
Jake WalmanD0220011118:222:4600:2000% 0
Joel Eriksson EkC011-2001115:133:0900:00041% 17
K'Andre MillerD000-1013022:252:4612:3500% 0
Matty BeniersC0000011015:192:5000:0000% 2
Nikita KucherovRW000-2003015:133:0910:0000% 1
Noah HanifinD000-1200021:413:1101:4000% 0
Pius SuterC0111003012:270:0000:0000% 0
Rasmus AnderssonD000-1002222:433:1122:4100% 0
Scott LaughtonC101-2032014:522:4800:0000% 0
Tomas TatarLW000-1010015:082:4800:0900% 0



Play-by-Play

1st period


0:01 of 1st period - Cody Glass wins face-off versus Andrew Copp in neutral zone.
0:22 of 1st period - Shot by Mathew Barzal.
0:22 of 1st period - Stopped by Semyon Varlamov without a rebound.
0:23 of 1st period - Ryan Nugent-Hopkins wins face-off versus Joel Eriksson Ek in Senators zone.
0:26 of 1st period - Shot by Mitch Marner.
0:26 of 1st period - Goal by Mitch Marner - Canucks : 1 - Senators : 0.
0:27 of 1st period - Christian Dvorak wins face-off versus Boone Jenner in neutral zone.
1:44 of 1st period - Shot by Ryan Nugent-Hopkins.
1:44 of 1st period - Shot Blocked by Connor Clifton.
1:58 of 1st period - Shot by Ryan Nugent-Hopkins.
1:58 of 1st period - Shot Misses the Net.
2:00 of 1st period - Shot by Ty Smith.
2:00 of 1st period - Stopped by Semyon Varlamov without a rebound.
2:01 of 1st period - Casey Cizikas wins face-off versus Cody Glass in Senators zone.
2:31 of 1st period - Shot by Mathew Barzal.
2:31 of 1st period - Shot Misses the Net.
2:33 of 1st period - Shot by Martin Necas.
2:33 of 1st period - Shot Misses the Net.
4:08 of 1st period - Off-side.
4:09 of 1st period - Andrew Copp wins face-off versus Alex Newhook in neutral zone.
4:30 of 1st period - Icing by Erik Johnson.
4:31 of 1st period - Ryan Nugent-Hopkins wins face-off versus Andrew Copp in Senators zone.
4:36 of 1st period - Shot by Jason Zucker.
4:36 of 1st period - Shot Misses the Net.
4:38 of 1st period - Shot by Ryan Nugent-Hopkins.
4:38 of 1st period - Deflect By Jason Zucker.
4:38 of 1st period - Stopped by Semyon Varlamov without a rebound.
4:39 of 1st period - Ryan Nugent-Hopkins wins face-off versus Casey Cizikas in Senators zone.
4:39 of 1st period - Ryan Nugent-Hopkins is hit by Jake Walman.
4:57 of 1st period - Shot by Pius Suter.
4:57 of 1st period - Stopped by Cam Talbot with a rebound.
4:59 of 1st period - Shot by Casey Cizikas.
4:59 of 1st period - Goal by Casey Cizikas - Canucks : 1 - Senators : 1.
5:00 of 1st period - Cody Glass wins face-off versus Andrew Copp in neutral zone.
5:05 of 1st period - Andrew Copp is hit by Cody Glass and loses puck.
5:20 of 1st period - Shot by Mathew Barzal.
5:20 of 1st period - Stopped by Semyon Varlamov without a rebound.
5:21 of 1st period - Ryan Nugent-Hopkins wins face-off versus Joel Eriksson Ek in Senators zone.
5:22 of 1st period - Shot by Mitch Marner.
5:22 of 1st period - Shot Blocked by Rasmus Andersson.
5:42 of 1st period - Shot by Mitch Marner.
5:42 of 1st period - Shot Misses the Net.
5:44 of 1st period - Shot by Jason Zucker.
5:44 of 1st period - Deflect By Ryan Nugent-Hopkins.
5:44 of 1st period - Shot Misses the Net.
5:46 of 1st period - Shot by Ryan Nugent-Hopkins.
5:46 of 1st period - Goal by Ryan Nugent-Hopkins - Canucks : 2 - Senators : 1.
5:47 of 1st period - Cody Glass wins face-off versus Andrew Copp in neutral zone.
6:11 of 1st period - Shot by Andrew Copp.
6:11 of 1st period - Stopped by Cam Talbot without a rebound.
6:12 of 1st period - Casey Cizikas wins face-off versus Ryan Nugent-Hopkins in Canucks zone.
7:03 of 1st period - Icing by Bowen Byram.
7:04 of 1st period - Christian Dvorak wins face-off versus Ryan Nugent-Hopkins in Canucks zone.
7:42 of 1st period - Minor Penalty to Noah Hanifin for Hooking.
7:43 of 1st period - Casey Cizikas wins face-off versus Boone Jenner in Senators zone.
8:05 of 1st period - Shot by Boone Jenner.
8:05 of 1st period - Stopped by Semyon Varlamov without a rebound.
8:06 of 1st period - Casey Cizikas wins face-off versus Cody Glass in Senators zone.
8:44 of 1st period - Martin Necas is hit by Casey Cizikas and loses puck.
9:26 of 1st period - Connor Clifton is hit by Boone Jenner and loses puck.
9:47 of 1st period - Shot by Nikita Kucherov.
9:47 of 1st period - Shot Blocked by Scott Harrington.
9:53 of 1st period - Joel Eriksson Ek is hit by Alex Newhook and loses puck.
10:10 of 1st period - Icing by Connor Clifton.
10:11 of 1st period - Boone Jenner wins face-off versus Joel Eriksson Ek in Senators zone.
10:24 of 1st period - Shot by Boone Jenner.
10:24 of 1st period - Goal by Boone Jenner - Canucks : 3 - Senators : 1.
10:25 of 1st period - Andrew Copp wins face-off versus Ryan Nugent-Hopkins in neutral zone.
10:32 of 1st period - Icing by Ryan Nugent-Hopkins.
10:33 of 1st period - Andrew Copp wins face-off versus Ryan Nugent-Hopkins in Canucks zone.
10:51 of 1st period - Mitch Marner is hit by Adam Lowry and loses puck.
12:29 of 1st period - Connor Clifton is hit by Mathew Barzal.
13:04 of 1st period - Shot by Anthony Cirelli.
13:04 of 1st period - Stopped by Cam Talbot with a rebound.
13:25 of 1st period - Icing by K'Andre Miller.
13:26 of 1st period - Mitch Marner wins face-off versus Nikita Kucherov in Senators zone.
13:29 of 1st period - Shot by Bowen Byram.
13:29 of 1st period - Shot Misses the Net.
13:58 of 1st period - Icing by K'Andre Miller.
13:59 of 1st period - Joel Eriksson Ek wins face-off versus Cody Glass in Senators zone.
14:05 of 1st period - Minor Penalty to Samuel Girard for Hooking.
14:06 of 1st period - Boone Jenner wins face-off versus Andrew Copp in Canucks zone.
14:21 of 1st period - Shot by Rasmus Andersson.
14:21 of 1st period - Shot Misses the Net.
14:23 of 1st period - Shot by Noah Hanifin.
14:23 of 1st period - Shot Misses the Net.
14:25 of 1st period - Shot by Rasmus Andersson.
14:25 of 1st period - Stopped by Cam Talbot without a rebound.
14:26 of 1st period - Boone Jenner wins face-off versus Joel Eriksson Ek in Canucks zone.
15:32 of 1st period - Shot by Rasmus Andersson.
15:32 of 1st period - Stopped by Cam Talbot without a rebound.
15:33 of 1st period - Boone Jenner wins face-off versus Andrew Copp in Canucks zone.
16:20 of 1st period - Shot by Brock McGinn.
16:20 of 1st period - Shot Hit the Post.
17:22 of 1st period - Shot by Jake Walman.
17:22 of 1st period - Stopped by Cam Talbot without a rebound.
17:23 of 1st period - Mitch Marner wins face-off versus Christian Dvorak in Canucks zone.
18:00 of 1st period - Shot by Jason Zucker.
18:00 of 1st period - Stopped by Semyon Varlamov without a rebound.
18:01 of 1st period - Andrew Copp wins face-off versus Boone Jenner in Senators zone.
18:17 of 1st period - Icing by Samuel Girard.
18:18 of 1st period - Kevin Hayes wins face-off versus Joel Eriksson Ek in Canucks zone.
18:38 of 1st period - Shot by Scott Laughton.
18:38 of 1st period - Deflect By Nikita Kucherov.
18:38 of 1st period - Shot Misses the Net.
18:44 of 1st period - K'Andre Miller is hit by Boone Jenner and loses puck.
19:20 of 1st period - Mathew Barzal is hit by K'Andre Miller and loses puck.
19:23 of 1st period - Shot by Bowen Byram.
19:23 of 1st period - Shot Misses the Net.
19:25 of 1st period - Shot by Mathew Barzal.
19:25 of 1st period - Shot Blocked by Joel Eriksson Ek.
Goals for this period are 3 for Canucks vs 1 for Senators.
Shots for this period are 9 for Canucks vs 7 for Senators.

2nd period


0:01 of 2nd period - Adam Lowry wins face-off versus Cody Glass in neutral zone.
0:30 of 2nd period - Shot by Matty Beniers.
0:30 of 2nd period - Stopped by Cam Talbot without a rebound.
0:31 of 2nd period - Christian Dvorak wins face-off versus Ryan Nugent-Hopkins in Canucks zone.
0:44 of 2nd period - Mitch Marner is hit by Anthony Cirelli and loses puck.
1:07 of 2nd period - Shot by Mitch Marner.
1:07 of 2nd period - Deflect By Jason Zucker.
1:07 of 2nd period - Shot Misses the Net.
1:09 of 2nd period - Shot by Ryan Nugent-Hopkins.
1:09 of 2nd period - Goal by Ryan Nugent-Hopkins - Canucks : 4 - Senators : 1.
1:09 of 2nd period - Igor Shesterkin enters game.
1:10 of 2nd period - Cody Glass wins face-off versus Andrew Copp in neutral zone.
1:29 of 2nd period - Shot by Mathew Barzal.
1:29 of 2nd period - Shot Misses the Net.
1:31 of 2nd period - Shot by Martin Necas.
1:31 of 2nd period - Stopped by Igor Shesterkin without a rebound.
1:32 of 2nd period - Casey Cizikas wins face-off versus Boone Jenner in Senators zone.
1:44 of 2nd period - Shot by Casey Cizikas.
1:44 of 2nd period - Stopped by Cam Talbot with a rebound.
2:11 of 2nd period - Shot by Pius Suter.
2:11 of 2nd period - Stopped by Cam Talbot without a rebound.
2:12 of 2nd period - Cody Glass wins face-off versus Andrew Copp in Canucks zone.
2:17 of 2nd period - Shot by Mathew Barzal.
2:17 of 2nd period - Stopped by Igor Shesterkin without a rebound.
2:18 of 2nd period - Cody Glass wins face-off versus Matty Beniers in Senators zone.
2:41 of 2nd period - Icing by Scott Harrington.
2:42 of 2nd period - Christian Dvorak wins face-off versus Cody Glass in Canucks zone.
3:27 of 2nd period - Shot by Connor Clifton.
3:27 of 2nd period - Shot Misses the Net.
3:35 of 2nd period - Shot by Mitch Marner.
3:35 of 2nd period - Shot Misses the Net.
3:37 of 2nd period - Shot by Mitch Marner.
3:37 of 2nd period - Shot Misses the Net.
3:39 of 2nd period - Shot by Jordan Spence.
3:39 of 2nd period - Shot Blocked by Jake Walman.
4:05 of 2nd period - Shot by Ryan Nugent-Hopkins.
4:05 of 2nd period - Deflect By Jason Zucker.
4:05 of 2nd period - Shot Blocked by Rasmus Andersson.
4:28 of 2nd period - Icing by Noah Hanifin.
4:29 of 2nd period - Boone Jenner wins face-off versus Casey Cizikas in Senators zone.
4:36 of 2nd period - Shot by Boone Jenner.
4:36 of 2nd period - Stopped by Igor Shesterkin with a rebound.
4:39 of 2nd period - Icing by Noah Hanifin.
4:40 of 2nd period - Casey Cizikas wins face-off versus Cody Glass in Senators zone.
4:40 of 2nd period - Casey Cizikas is hit by Cody Glass.
5:03 of 2nd period - Icing by Samuel Girard.
5:04 of 2nd period - Cody Glass wins face-off versus Andrew Copp in Canucks zone.
5:08 of 2nd period - Off-side.
5:09 of 2nd period - Boone Jenner wins face-off versus Andrew Copp in neutral zone.
6:03 of 2nd period - Minor Penalty to Ty Smith for Hooking.
6:04 of 2nd period - Boone Jenner wins face-off versus Joel Eriksson Ek in Canucks zone.
6:12 of 2nd period - Icing by Joel Eriksson Ek.
6:13 of 2nd period - Boone Jenner wins face-off versus Joel Eriksson Ek in Senators zone.
6:40 of 2nd period - J.J. Moser is hit by Matty Beniers and loses puck.
7:21 of 2nd period - Shot by Andrew Copp.
7:21 of 2nd period - Shot Misses the Net.
7:23 of 2nd period - Shot by K'Andre Miller.
7:23 of 2nd period - Shot Misses the Net.
7:25 of 2nd period - Shot by Tomas Tatar.
7:25 of 2nd period - Shot Misses the Net.
7:37 of 2nd period - Shot by K'Andre Miller.
7:37 of 2nd period - Stopped by Cam Talbot with a rebound.
8:23 of 2nd period - Boone Jenner is hit by Erik Johnson and loses puck.
8:49 of 2nd period - Off-side.
8:50 of 2nd period - Christian Dvorak wins face-off versus Ryan Nugent-Hopkins in neutral zone.
8:58 of 2nd period - Bowen Byram is hit by Anthony Cirelli and loses puck.
9:02 of 2nd period - Minor Penalty to Anthony Cirelli for Hooking.
9:03 of 2nd period - Casey Cizikas wins face-off versus Cody Glass in Senators zone.
9:16 of 2nd period - Shot by Ryan Nugent-Hopkins.
9:16 of 2nd period - Stopped by Igor Shesterkin without a rebound.
9:17 of 2nd period - Boone Jenner wins face-off versus Casey Cizikas in Senators zone.
9:49 of 2nd period - Shot by Boone Jenner.
9:49 of 2nd period - Shot Blocked by Adam Lowry.
10:22 of 2nd period - Icing by Martin Necas.
10:23 of 2nd period - Casey Cizikas wins face-off versus Cody Glass in Canucks zone.
10:58 of 2nd period - Shot by Bowen Byram.
10:58 of 2nd period - Shot Misses the Net.
11:00 of 2nd period - Shot by Samuel Girard.
11:00 of 2nd period - Shot Misses the Net.
11:02 of 2nd period - Shot by Bowen Byram.
11:02 of 2nd period - Shot Blocked by Connor Clifton.
11:27 of 2nd period - Shot by Joel Eriksson Ek.
11:27 of 2nd period - Stopped by Cam Talbot with a rebound.
11:29 of 2nd period - Shot by Jake Walman.
11:29 of 2nd period - Shot Misses the Net.
11:31 of 2nd period - Shot by Scott Laughton.
11:31 of 2nd period - Goal by Scott Laughton - Canucks : 4 - Senators : 2.
11:32 of 2nd period - Ryan Nugent-Hopkins wins face-off versus Andrew Copp in neutral zone.
11:32 of 2nd period - Ryan Nugent-Hopkins is hit by Adam Lowry.
11:40 of 2nd period - Ryan Nugent-Hopkins is hit by Adam Lowry and loses puck.
12:55 of 2nd period - Shot by Scott Laughton.
12:55 of 2nd period - Shot Misses the Net.
12:57 of 2nd period - Shot by K'Andre Miller.
12:57 of 2nd period - Deflect By Joel Eriksson Ek.
12:57 of 2nd period - Shot Misses the Net.
13:03 of 2nd period - Shot by Joel Eriksson Ek.
13:03 of 2nd period - Shot Misses the Net.
13:05 of 2nd period - Shot by Joel Eriksson Ek.
13:05 of 2nd period - Deflect By Nikita Kucherov.
13:05 of 2nd period - Stopped by Cam Talbot with a rebound.
13:07 of 2nd period - Shot by Joel Eriksson Ek.
13:07 of 2nd period - Shot Misses the Net.
13:09 of 2nd period - Shot by K'Andre Miller.
13:09 of 2nd period - Stopped by Cam Talbot without a rebound.
13:10 of 2nd period - Cody Glass wins face-off versus Christian Dvorak in Canucks zone.
13:25 of 2nd period - Shot by Mathew Barzal.
13:25 of 2nd period - Shot Blocked by Connor Clifton.
13:29 of 2nd period - Shot by Mathew Barzal.
13:29 of 2nd period - Stopped by Igor Shesterkin without a rebound.
13:30 of 2nd period - Joel Eriksson Ek wins face-off versus Cody Glass in Senators zone.
13:30 of 2nd period - Joel Eriksson Ek is hit by Cody Glass.
13:40 of 2nd period - Shot by Scott Laughton.
13:40 of 2nd period - Stopped by Cam Talbot without a rebound.
13:41 of 2nd period - Christian Dvorak wins face-off versus Boone Jenner in Canucks zone.
13:41 of 2nd period - Anthony Cirelli is hit by J.J. Moser and loses puck.
13:59 of 2nd period - Tomas Tatar is hit by Ty Smith and loses puck.
14:22 of 2nd period - Shot by Boone Jenner.
14:22 of 2nd period - Shot Misses the Net.
14:30 of 2nd period - Icing by J.J. Moser.
14:31 of 2nd period - Joel Eriksson Ek wins face-off versus Boone Jenner in Canucks zone.
14:38 of 2nd period - Shot by Joel Eriksson Ek.
14:38 of 2nd period - Shot Misses the Net.
15:07 of 2nd period - Icing by Cody Glass.
15:08 of 2nd period - Cody Glass wins face-off versus Casey Cizikas in Canucks zone.
15:10 of 2nd period - Mathew Barzal is hit by Casey Cizikas and loses puck.
16:07 of 2nd period - Shot by Jason Zucker.
16:07 of 2nd period - Shot Misses the Net.
16:19 of 2nd period - Shot by Ryan Nugent-Hopkins.
16:19 of 2nd period - Stopped by Igor Shesterkin without a rebound.
16:20 of 2nd period - Boone Jenner wins face-off versus Joel Eriksson Ek in Senators zone.
16:25 of 2nd period - Shot by Boone Jenner.
16:25 of 2nd period - Stopped by Igor Shesterkin without a rebound.
16:26 of 2nd period - Boone Jenner wins face-off versus Joel Eriksson Ek in Senators zone.
17:05 of 2nd period - Scott Laughton is hit by J.J. Moser and loses puck.
18:54 of 2nd period - Bowen Byram is hit by Andrew Copp and loses puck.
19:13 of 2nd period - Shot by Ryan Nugent-Hopkins.
19:13 of 2nd period - Shot Blocked by Andrew Copp.
19:26 of 2nd period - Icing by Erik Johnson.
19:27 of 2nd period - Andrew Copp wins face-off versus Cody Glass in Senators zone.
Goals for this period are 1 for Canucks vs 1 for Senators.
Shots for this period are 8 for Canucks vs 9 for Senators.

3rd period


0:01 of 3rd period - Joel Eriksson Ek wins face-off versus Cody Glass in neutral zone.
0:04 of 3rd period - Mathew Barzal is hit by Scott Laughton and loses puck.
0:18 of 3rd period - Nikita Kucherov is hit by Bowen Byram.
1:00 of 3rd period - Shot by Samuel Girard.
1:00 of 3rd period - Stopped by Igor Shesterkin without a rebound.
1:01 of 3rd period - Casey Cizikas wins face-off versus Ryan Nugent-Hopkins in Senators zone.
1:05 of 3rd period - Off-side.
1:06 of 3rd period - Jason Zucker wins face-off versus Casey Cizikas in neutral zone.
1:16 of 3rd period - Casey Cizikas is hit by Jason Zucker and loses puck.
1:21 of 3rd period - Shot by Ryan Nugent-Hopkins.
1:21 of 3rd period - Stopped by Igor Shesterkin without a rebound.
1:22 of 3rd period - Christian Dvorak wins face-off versus Boone Jenner in Senators zone.
1:28 of 3rd period - Anthony Cirelli is hit by Boone Jenner and loses puck.
2:23 of 3rd period - Off-side.
2:24 of 3rd period - Casey Cizikas wins face-off versus Cody Glass in neutral zone.
2:37 of 3rd period - Shot by Casey Cizikas.
2:37 of 3rd period - Shot Misses the Net.
2:41 of 3rd period - Shot by Brock McGinn.
2:41 of 3rd period - Stopped by Cam Talbot with a rebound.
2:43 of 3rd period - Shot by Casey Cizikas.
2:43 of 3rd period - Stopped by Cam Talbot without a rebound.
2:44 of 3rd period - Andrew Copp wins face-off versus Ryan Nugent-Hopkins in Canucks zone.
2:44 of 3rd period - Andrew Copp is hit by Bowen Byram.
4:07 of 3rd period - Samuel Girard is hit by Adam Lowry and loses puck.
4:25 of 3rd period - Shot by Pius Suter.
4:25 of 3rd period - Shot Blocked by Samuel Girard.
4:27 of 3rd period - Shot by Pius Suter.
4:27 of 3rd period - Stopped by Cam Talbot without a rebound.
4:28 of 3rd period - Boone Jenner wins face-off versus Joel Eriksson Ek in Canucks zone.
4:28 of 3rd period - Boone Jenner is hit by Scott Laughton.
4:31 of 3rd period - J.J. Moser is hit by Scott Laughton and loses puck.
5:26 of 3rd period - Shot by Anthony Cirelli.
5:26 of 3rd period - Shot Misses the Net.
5:28 of 3rd period - Shot by Christian Dvorak.
5:28 of 3rd period - Shot Blocked by J.J. Moser.
6:01 of 3rd period - Mathew Barzal is hit by Tomas Tatar and loses puck.
6:58 of 3rd period - Noah Hanifin is hit by Cody Glass and loses puck.
7:41 of 3rd period - Shot by K'Andre Miller.
7:41 of 3rd period - Stopped by Cam Talbot without a rebound.
7:42 of 3rd period - Andrew Copp wins face-off versus Boone Jenner in Canucks zone.
7:51 of 3rd period - Shot by Andrew Copp.
7:51 of 3rd period - Deflect By Adam Lowry.
7:51 of 3rd period - Shot Misses the Net.
7:57 of 3rd period - Shot by Matty Beniers.
7:57 of 3rd period - Shot Misses the Net.
8:45 of 3rd period - Shot by Nikita Kucherov.
8:45 of 3rd period - Stopped by Cam Talbot without a rebound.
8:46 of 3rd period - Christian Dvorak wins face-off versus Ryan Nugent-Hopkins in Canucks zone.
10:55 of 3rd period - Samuel Girard is hit by Casey Cizikas and loses puck.
11:09 of 3rd period - Pius Suter is hit by Samuel Girard and loses puck.
11:29 of 3rd period - Andrew Copp is hit by Scott Harrington and loses puck.
12:20 of 3rd period - Shot by Boone Jenner.
12:20 of 3rd period - Stopped by Igor Shesterkin with a rebound.
12:22 of 3rd period - Shot by Boone Jenner.
12:22 of 3rd period - Stopped by Igor Shesterkin without a rebound.
12:23 of 3rd period - Joel Eriksson Ek wins face-off versus Boone Jenner in Senators zone.
12:23 of 3rd period - K'Andre Miller is hit by Conor Garland and loses puck.
13:22 of 3rd period - Icing by Noah Hanifin.
13:23 of 3rd period - Casey Cizikas wins face-off versus Cody Glass in Senators zone.
13:23 of 3rd period - Casey Cizikas is hit by Boris Katchouk.
13:53 of 3rd period - Shot by Pius Suter.
13:53 of 3rd period - Deflect By Casey Cizikas.
13:53 of 3rd period - Shot Misses the Net.
14:29 of 3rd period - Shot by Anthony Cirelli.
14:29 of 3rd period - Deflect By Christian Dvorak.
14:29 of 3rd period - Shot Misses the Net.
14:31 of 3rd period - Shot by Connor Clifton.
14:31 of 3rd period - Shot Misses the Net.
14:33 of 3rd period - Shot by Christian Dvorak.
14:33 of 3rd period - Shot Misses the Net.
14:55 of 3rd period - Shot by Christian Dvorak.
14:55 of 3rd period - Shot Misses the Net.
14:57 of 3rd period - Shot by Anthony Cirelli.
14:57 of 3rd period - Shot Blocked by Scott Harrington.
14:59 of 3rd period - Shot by Christian Dvorak.
14:59 of 3rd period - Stopped by Cam Talbot without a rebound.
15:00 of 3rd period - Andrew Copp wins face-off versus Conor Garland in Canucks zone.
15:54 of 3rd period - Icing by Boone Jenner.
15:55 of 3rd period - Joel Eriksson Ek wins face-off versus Boone Jenner in Canucks zone.
15:56 of 3rd period - Shot by Scott Laughton.
15:56 of 3rd period - Deflect By Nikita Kucherov.
15:56 of 3rd period - Shot Blocked by Ty Smith.
16:16 of 3rd period - Icing by J.J. Moser.
16:17 of 3rd period - Christian Dvorak wins face-off versus Boone Jenner in Canucks zone.
16:24 of 3rd period - Shot by Christian Dvorak.
16:24 of 3rd period - Shot Blocked by J.J. Moser.
16:26 of 3rd period - Shot by Anthony Cirelli.
16:26 of 3rd period - Stopped by Cam Talbot with a rebound.
16:28 of 3rd period - Shot by Anthony Cirelli.
16:28 of 3rd period - Shot Blocked by J.J. Moser.
16:47 of 3rd period - Minor Penalty to Scott Harrington for Tripping.
16:48 of 3rd period - Cody Glass wins face-off versus Matty Beniers in Canucks zone.
16:58 of 3rd period - K'Andre Miller is hit by Cody Glass and loses puck.
17:03 of 3rd period - Shot by K'Andre Miller.
17:03 of 3rd period - Shot Blocked by Samuel Girard.
17:19 of 3rd period - Shot by Nikita Kucherov.
17:19 of 3rd period - Stopped by Cam Talbot without a rebound.
17:20 of 3rd period - Andrew Copp wins face-off versus Boone Jenner in Canucks zone.
18:05 of 3rd period - Shot by Scott Laughton.
18:05 of 3rd period - Shot Blocked by Ryan Nugent-Hopkins.
18:16 of 3rd period - Icing by K'Andre Miller.
18:17 of 3rd period - Joel Eriksson Ek wins face-off versus Cody Glass in Senators zone.
19:05 of 3rd period - Minor Penalty to Casey Cizikas for Interference.
19:06 of 3rd period - Andrew Copp wins face-off versus Cody Glass in Senators zone.
Goals for this period are 0 for Canucks vs 0 for Senators.
Shots for this period are 4 for Canucks vs 8 for Senators.